 Dungeon Crawl Stone Soup version 0.27.1-34-g3ba077fa99 (webtiles) character file.

Game seed: 7058433842713329556

5070 safid the Cleaver (level 10, -4/78 HPs)
             Began as a Hill Orc Fighter on Jan 28, 2022.
             Was a Follower of Beogh.
             Slain by a komodo dragon (12 damage)
             ... on level 8 of the Dungeon.
             The game lasted 00:28:13 (9395 turns).

safid the Cleaver (Hill Orc Fighter)                Turns: 9395, Time: 00:28:13

Health: -4/78      AC: 15    Str: 23    XL:     10   Next: 56%
Magic:  10/10      EV:  9    Int:  8    God:    Beogh [*.....]
Gold:   148        SH: 12    Dex: 10    Spells: 9/9 levels left

rFire    . . .     SeeInvis +   a - +0 war axe
rCold    . . .     Faith    .   c - +0 kite shield
rNeg     + . .     Spirit   .   k - +1 scale mail {rPois}
rPois    +         Reflect  .   h - +2 helmet {SInv}
rElec    .         Harm     .   (no cloak)
rCorr    .         Rampage  .   s - +2 pair of gloves
Will     .....                  G - +0 pair of boots
Stlth    ..........             (no amulet)
HPRegen  0.23/turn              w - ring of positive energy
MPRegen  0.12/turn              (no ring)

@: no status effects
A: no striking features
a: Renounce Religion


You were on level 8 of the Dungeon.
You worshipped Beogh.
Beogh was aware of your devotion.
You visited 2 branches of the dungeon, and saw 10 of its levels.
You also visited: Ossuary.

You collected 467 gold pieces.
You spent 319 gold pieces at shops.

Inventory:

Hand Weapons
 a - a +0 war axe (weapon)
Missiles
 g - 18 boomerangs (quivered)
 l - a curare-tipped dart
 p - 24 poisoned darts
Armour
 c - a +0 kite shield (worn)
 h - a +2 helmet of see invisible (worn)
 k - a +1 scale mail of poison resistance (worn)
 s - a +2 pair of gloves (worn)
 G - a +0 pair of boots (worn)
Jewellery
 w - a ring of positive energy (left hand)
Wands
 d - a wand of paralysis (4)
 q - a wand of flame (47)
 E - a wand of acid (11)
 F - a wand of iceblast (9)
Scrolls
 b - a scroll of summoning {unknown}
 m - 3 scrolls of blinking
 n - 3 scrolls of enchant weapon
 o - 4 scrolls of teleportation
 r - 2 scrolls of fog
 t - 4 scrolls of magic mapping
 x - 2 scrolls of holy word {unknown}
 y - a scroll of enchant armour
 B - a scroll of torment {unknown}
 H - a scroll of fear {unknown}
 I - a scroll of noise {unknown}
Potions
 e - 2 potions of curing
 f - a potion of magic {unknown}
 i - 3 potions of flight
 j - a potion of resistance {unknown}
 v - 2 potions of berserk rage
 z - 2 potions of lignification
 A - a potion of ambrosia
 C - 3 potions of mutation
 D - a potion of haste {unknown}
 J - 2 potions of brilliance


   Skills:
 - Level 4.0 Fighting
 + Level 13.6 Axes
 - Level 4.0 Armour
 + Level 11.9 Shields


You had 9 spell levels left.
You didn't know any spells.
Your spell library contained the following spells:

 Spells                   Type           Power      Damage    Failure   Level
 Corona                   Hex            0%         N/A       85%         1
 Ensorcelled Hibernation  Hex/Ice        0%         N/A       94%         2
 Tukima's Dance           Hex            0%         N/A       99%         3


Dungeon Overview and Level Annotations

Branches:
Dungeon (9/15)             Temple (0/1) D:6            Lair (1/6) D:8
Ossuary (visited)
    Orc: D:9-12

Altars:
Ashenzari
Fedhas
Gozag
Kikubaaqudgha
Ru
Trog
Yredelemnul
The Shining One

Shops:
D:3 [   D:6 *   D:7 !

Annotations:
D:3 3 runed translucent doors, styxcanada's ghost, amateur SpBr
D:5 2 transporters, cbfl8's ghost, weakling MiDe
D:6 2 runed translucent doors


Message History

Unknown command.
You slash the komodo dragon!
The komodo dragon is moderately wounded.
You slash the fungus! x5; A nearby fungus withers and dies. x4
You block the komodo dragon's attack.
Unknown command.
You hit the komodo dragon but do no damage.
The komodo dragon is moderately wounded.
You slash the fungus! The komodo dragon bites you!
Unknown command.
You hit the komodo dragon.
The komodo dragon is moderately wounded.
You slash the fungus!
A nearby fungus withers and dies.
The komodo dragon closely misses you.
Unknown command.
You hit the komodo dragon.
The komodo dragon is heavily wounded.
You block the komodo dragon's attack.
Unknown command.
You barely miss the komodo dragon.
The komodo dragon is heavily wounded.
You block the komodo dragon's attack.
Unknown command.
You slash the komodo dragon!
The komodo dragon is severely wounded.
The komodo dragon closely misses you.
Unknown command.
You slash the komodo dragon!
The komodo dragon is almost dead.
The komodo dragon bites you!
Unknown command.
You hit the komodo dragon but do no damage.
The komodo dragon is almost dead.
The komodo dragon bites you!!
* * * LOW HITPOINT WARNING * * *
Unknown command.
You hit the komodo dragon but do no damage.
The komodo dragon is almost dead.
The komodo dragon bites you!
You die...

####........#..##...........
##.........................
#...##.#####...........#...
##.#....#######.............
#####..#...#...≈...#..).........
##.....##.....#...#..............
.....###.....##.P.##...######....
...........#.........#...........
.....###...#≈..l@...≈#..######...
.....# #...#......P..#..# ##..
###### #.....##PP.##....# ##..
#......#...#.....# #...
###^.#...≈...#...# #...
#...#######...## #... ##### #####
#... #... ##..


You could see a komodo dragon.

Vanquished Creatures
  Erica (D:9)
  Maurice (D:8)
  2 centaur zombies
  Sigmund (D:7)
  Eustachio (D:4)
  A steam dragon (D:7)
  2 acid dragons
  Edmund (D:7)
  A water moccasin (D:8)
  2 orc warriors
  3 ice beasts
  A black bear (D:4)
  A necrophage (D:3)
  2 centaurs
  2 phantoms
  3 kobold brigands
  A scorpion (D:6)
  2 bullfrogs (D:7)
  A gnoll sergeant (D:9)
  5 water moccasin zombies
  5 killer bees (D:9)
  A water moccasin skeleton (D:6)
  5 wights
  A howler monkey (D:8)
  2 hounds
  An orc priest (D:9)
  2 jellies
  3 bullfrog skeletons
  A centaur skeleton (D:5)
  4 orc wizards
  A scorpion zombie (D:3)
  A killer bee zombie (D:9)
  A hound skeleton (D:5)
  2 mummies (Ossuary)
  5 adders
  5 gnolls (D:9)
  A shadow imp (D:7)
  A white imp (D:5)
  3 adder zombies
  An adder skeleton (D:4)
  A worm (D:2)
  2 dart slugs
  19 orcs
  10 ball pythons
  A bat zombie (D:1)
  11 endoplasms
  4 giant cockroaches
  3 goblins
  7 hobgoblins
  A jackal (D:3)
  27 kobolds
  3 quokkas
  A ball python zombie (D:1)
  8 bats
  4 frilled lizards
  3 gnoll zombies (Ossuary)
  6 hobgoblin zombies (Ossuary)
  5 kobold zombies (Ossuary)
  2 orc zombies (Ossuary)
  5 rats
203 creatures vanquished.

Vanquished Creatures (others)
  8 fungi (D:8)
  3 plants (D:8)
11 creatures vanquished.

Grand Total: 214 creatures vanquished

Notes
Turn   | Place    | Note
-------+----------+-------------------------------------------
     0 | D:1      | safid the Hill Orc Fighter began the quest for the Orb.
     0 | D:1      | Reached XP level 1. HP: 19/19 MP: 1/1
   201 | D:1      | Reached XP level 2. HP: 21/27 MP: 2/2
   272 | D:1      | Reached skill level 3 in Axes
   467 | D:1      | Reached XP level 3. HP: 33/33 MP: 3/3
  1101 | D:2      | Reached XP level 4. HP: 39/40 MP: 4/4
  1430 | D:3      | Found Sureiteto's Antique Armour Shoppe.
  1582 | D:3      | Reached skill level 4 in Axes
  1871 | D:3      | Found a faded altar of an unknown god.
  1982 | D:3      | Found an ancient bone altar of Kikubaaqudgha.
  1984 | D:3      | Noticed a necrophage
  1998 | D:3      | Killed a necrophage
  1999 | D:3      | Reached skill level 5 in Axes
  1999 | D:3      | Reached XP level 5. HP: 38/46 MP: 5/5
  2047 | D:3      | Found a broken altar of Ashenzari.
  2233 | D:3      | Found a runed translucent gate.
  2233 | D:3      | Found a runed translucent gate.
  2233 | D:3      | Found a runed translucent gate.
  2233 | D:3      | Noticed styxcanada's ghost (amateur SpBr)
  2236 | D:3      | Found a basalt altar of Yredelemnul.
  2249 | D:3      | Reached skill level 5 in Shields
  2707 | D:4      | Found a sand-covered staircase.
  2718 | Ossuary  | Entered an ossuary
  2727 | Ossuary  | Reached XP level 6. HP: 52/52 MP: 6/6
  2823 | Ossuary  | Reached skill level 6 in Axes
  2891 | Ossuary  | Reached XP level 7. HP: 45/59 MP: 7/7
  3313 | D:4      | Reached skill level 7 in Axes
  3674 | D:4      | Noticed Eustachio
  3699 | D:4      | Killed Eustachio
  3700 | D:4      | Reached skill level 8 in Axes
  4025 | D:5      | Entered Level 5 of the Dungeon
  4060 | D:5      | Found a transporter.
  4086 | D:5      | Reached XP level 8. HP: 61/66 MP: 8/8
  4369 | D:5      | Noticed cbfl8's ghost (weakling MiDe)
  4596 | D:5      | Found a transporter.
  4895 | D:6      | Reached skill level 9 in Axes
  5067 | D:6      | Found a staircase to the Ecumenical Temple.
  5349 | D:3      | Bought a glowing helmet for 165 gold pieces
  5436 | D:6      | Reached skill level 10 in Axes
  5509 | D:6      | Found a large runed translucent door.
  5510 | D:6      | Found a large runed translucent door.
  5630 | D:6      | Found an opulent altar of Gozag.
  5632 | D:6      | Found Gozag's Platinum Reserve.
  5849 | D:7      | Found Abit's Distillery.
  5852 | D:7      | Bought a potion of lignification for 42 gold pieces
  5852 | D:7      | Bought a potion of flight for 42 gold pieces
  5931 | D:7      | Reached XP level 9. HP: 65/71 MP: 9/9
  6055 | D:7      | Reached skill level 11 in Axes
  6115 | D:7      | Noticed Edmund
  6118 | D:7      | Reached skill level 10 in Shields
  6183 | D:7      | Killed Edmund
  6261 | D:7      | Noticed Sigmund
  6272 | D:7      | Killed Sigmund
  7080 | D:7      | Found a glowing golden altar of the Shining One.
  7129 | D:7      | Bought a potion of heal wounds for 70 gold pieces
  7133 | D:8      | Noticed Maurice
  7169 | D:7      | Reached skill level 12 in Axes
  7662 | D:8      | Reached XP level 10. HP: 78/78 MP: 10/10
  7743 | D:8      | Killed Maurice
  7973 | D:8      | Found a blossoming altar of Fedhas.
  8020 | D:8      | Found a staircase to the Lair.
  8122 | D:8      | Found a sacrificial altar of Ru.
  8129 | D:8      | Found a bloodstained altar of Trog.
  8243 | D:9      | Became a worshipper of Beogh the Brigand
  8275 | D:9      | Noticed Erica
  8286 | D:9      | Killed Erica
  8287 | D:9      | Reached skill level 13 in Axes
  8871 | D:9      | Reached * piety under Beogh
  8997 | D:9      | Noticed a white ugly thing
  9197 | Lair:1   | Entered Level 1 of the Lair of Beasts
  9395 | D:8      | Slain by a komodo dragon

Illustrated notes

Levels and vault maps discovered:
D:1:      saegor_arrival_fortress, layout_loops_ring
D:2:      layout_rooms, minmay_small_reverse_x
D:3:      layout_loops_ring, grunt_temple_overflow_open,
          nicolae_yredelemnul_ghost_church,
          shapermc_ecumenical_altar_mp_highgroup, serial_shops, shop,
          minmay_misc_feat_room, minmay_starry_boxes
D:4:      layout_gridville, enter_ossuary_1, uniq_eustachio
D:5:      wander_river, layout_basic, gammafunk_ghost_hive
D:6:      layout_rooms, jmf_multi_god_temple2, nicolae_gozag_zags_fifth_avenue,
          minmay_temple_entry_mini_moons, serial_corexii_hall,
          corexii_hall_statues_i, corexii_hall_statues_i,
          chequers_hall_statues_wall_a, corexii_hall_statues_i
D:7:      layout_basic, mainiacjoe_overflow_surrounded_room, serial_shops,
          nicolae_stop_n_shop_1, sigmund_edmund_badplayer
D:8:      layout_rooms, minitemple, lemuel_crystal_altar, dpeg_oklobed_lair,
          uniq_maurice
D:9:      layout_roguey, minivault_1, kennysheep_pointless_box,
          minmay_misc_feat_rugged, uniq_erica
Lair:1:   layout_hall_layers

Skill      XL: |  1  2  3  4  5  6  7  8  9 10 |
---------------+-------------------------------+-----
Axes           | 3 5 6 8 10 12 13 | 13.6
Fighting       | 4 |  4.0
Armour         | 4 |  4.0
Shields        | 4 5 6 7 9 10 11 | 11.9

Action                   |  1- 3 |  4- 6 |  7- 9 | 10-12 || total
-------------------------+-------+-------+-------+-------++-------
Melee: War axe           |   101 |   179 |   310 |   161 ||   751
Throw: Boomerang         |       |       |     2 |     1 ||     3
Invok: Convert to Beogh  |       |       |       |     1 ||     1
Evoke: Wand              |       |       |     2 |     1 ||     3
  Use: Potion            |       |       |     5 |     1 ||     6
       Scroll            |       |       |    14 |     3 ||    17
Armor: Scale mail        |    58 |   111 |   192 |    50 ||   411
Dodge: Dodged            |    46 |    47 |   136 |    44 ||   273
Block: Kite shield       |    75 |    81 |   252 |   108 ||   516
